Map: Ghost River LC

Players

Djorjx

  • Race: Terran Terran
  • League: Master
  • Spawn Location: 11:00

Harstem - Winner!

  • Race: Protoss Protoss
  • League: Grandmaster
  • Spawn Location: 1:00

VOD

Have the link to the VOD?

Description

Time

  • Played on: March 21, 2024, 4:49 p.m.
  • Length: 10:08
Show
View Real Time Build Order
Export as new Build Order

Djorjx Terran 

Build Orders:  

Get SALT Encoding   

  12  0:00  SCV  
  13  0:12  SCV  
  14  0:17  Supply Depot  
  14  0:24  SCV  
  15  0:39  SCV  
  15  0:40  Barracks  
  16  0:43  Refinery  
  16  0:51  SCV  
  17  1:03  SCV  
  18  1:15  SCV  
  19  1:27  Orbital Command, Marine  
  20  1:42  Command Center  
  20  1:47  Barracks Reactor  
  20  1:51  Supply Depot  
  20  1:54  SCV  
  21  2:06  SCV  
  21  2:07  Factory  
  22  2:17  Bunker  
  22  2:18  SCV  
  23  2:24  Marine x2  
  25  2:30  SCV  
  25  2:31  Refinery  
  26  2:42  SCV, Marine x2  
  29  2:51  Starport  
  29  2:53  Widow Mine  
  29  2:54  SCV  
  32  3:00  Orbital Command  
  32  3:04  Marine  
  33  3:06  Marine  
  33  3:10  SCV  
  35  3:15  Cyclone  
  37  3:22  SCV  
  37  3:23  Marine  
  37  3:24  Marine  
  40  3:27  SCV  
  40  3:32  Viking  
  43  3:37  SCV  
  43  3:39  SCV  
  43  3:40  Supply Depot  
  45  3:43  Marine  
  46  3:57  Barracks  
  46  4:01  Barracks  
  46  4:02  SCV x2, Marine  
  49  4:06  Starport Tech Lab, Factory Tech Lab  
  49  4:11  Marine  
  49  4:14  SCV x2  
  49  4:16  Supply Depot  
  52  4:20  Marine  
  52  4:23  Supply Depot  
  53  4:26  SCV  
  54  4:34  Engineering Bay  
  54  4:36  Refinery  
  54  4:38  SCV x2  
  55  4:39  Marine  
  55  4:40  Marine  
  57  4:50  SCV x2  
  59  4:56  Supply Depot  
  59  4:57  Combat Shield, Stimpack, Marine x2, Refinery  
  59  4:58  Marine x2  
  63  5:02  SCV  
  63  5:03  SCV  
  65  5:08  Starport Reactor, Factory Reactor  
  65  5:14  Terran Infantry Weapons Level 1, SCV  
  65  5:15  Marine, SCV  
  65  5:19  Marine x2  
  65  5:20  Marine  
  71  5:26  Missile Turret, SCV  
  71  5:27  SCV  
  71  5:28  Missile Turret  
  73  5:37  Marine x2  
  73  5:38  SCV, Marine x2  
  78  5:44  SCV, Supply Depot x2  
  78  5:45  Medivac  
  78  5:48  Medivac  
  83  5:50  Widow Mine  
  83  5:51  SCV  
  86  5:57  Supply Depot  
  86  6:05  Marine x2  
  86  6:06  Widow Mine, Marauder x2  
  86  6:08  Supply Depot  
  94  6:22  Medivac x2  
  98  6:27  Marauder  
  100  6:39  Marauder, Marine  
  99  6:40  Command Center  
  99  6:44  Widow Mine  
  97  6:49  Marauder  
  97  6:58  Marine  
  97  6:59  Medivac x2  
  97  7:01  Marauder  
  89  7:08  SCV  
  89  7:10  Widow Mine x2, Marauder  
  91  7:19  SCV  
  91  7:20  SCV  
  92  7:24  Barracks  
  92  7:25  Barracks, Marauder, Marine x2  
  96  7:30  Terran Infantry Armor Level 1  
  96  7:31  Supply Depot  
  96  7:33  Widow Mine  
  96  7:35  Widow Mine  
  100  7:39  Marauder  
  100  7:40  SCV  
  100  7:42  SCV  
  104  7:47  Marine x2  
  106  7:56  SCV  
  107  8:04  SCV  
  107  8:06  Widow Mine, Marauder  
  107  8:07  Widow Mine  
  107  8:09  SCV  
  107  8:10  Missile Turret  
  107  8:12  Barracks Reactor, Barracks Tech Lab  
  114  8:13  Marine  
  114  8:14  Marine x2  
  114  8:16  SCV  
  118  8:26  SCV  
  120  8:27  Marauder  
  120  8:30  Viking  
  120  8:33  Marauder  
  120  8:34  Viking, SCV  
  127  8:40  Marauder, Marine  
  131  8:42  Widow Mine x2  
  117  8:56  SCV x2  
  117  8:57  Orbital Command  
  117  9:00  Marine  
  117  9:01  Marine x2  
  117  9:02  Ghost Academy  
  120  9:03  Viking  
  120  9:04  Widow Mine x2  
  120  9:08  SCV  
  127  9:10  Marauder x2  
  127  9:24  Marauder, Marine x4  
  126  9:31  Marauder, Armory, Marine  
  126  9:32  Engineering Bay  
  126  9:43  Marine x2, Widow Mine x2  
Show
View Real Time Build Order
Export as new Build Order

Harstem Protoss - Winner!

Build Orders: 1 Gate Expand, Phoenix Opening 

Get SALT Encoding   

  12  0:01  Probe  
  13  0:13  Probe  
  14  0:17  Pylon  
  14  0:25  Probe  
  15  0:37  Gateway, Probe (Chrono Boost)  
  16  0:47  Assimilator  
  16  0:48  Probe (Chrono Boost)  
  17  0:53  Probe (Chrono Boost)  
  18  1:03  Probe  
  19  1:15  Probe  
  20  1:24  Cybernetics Core  
  20  1:32  Nexus  
  20  1:35  Probe  
  21  1:42  Pylon  
  21  1:47  Probe  
  21  1:49  Assimilator  
  22  1:58  Adept (Chrono Boost)  
  22  1:59  Probe  
  25  2:11  Probe  
  26  2:19  Adept (Chrono Boost)  
  28  2:23  Probe  
  29  2:30  Stargate  
  29  2:35  Probe  
  30  2:39  Warp Gate  
  30  2:44  Probe (Chrono Boost)  
  30  2:49  Probe (Chrono Boost)  
  32  2:56  Probe (Chrono Boost)  
  33  3:05  Probe x2 (Chrono Boost)  
  35  3:08  Pylon  
  35  3:10  Stalker  
  35  3:11  Probe  
  35  3:12  Phoenix (Chrono Boost)  
  38  3:13  Gateway  
  38  3:14  Probe  
  41  3:24  Probe  
  41  3:26  Probe  
  43  3:28  Phoenix (Chrono Boost)  
  45  3:36  Probe  
  45  3:38  Probe  
  47  3:46  Pylon  
  47  3:48  Probe  
  48  3:50  Probe  
  48  3:53  Phoenix  
  51  3:58  Nexus  
  51  4:01  Probe  
  52  4:05  Probe  
  53  4:12  Assimilator  
  53  4:13  Probe  
  54  4:17  Probe  
  54  4:18  Phoenix, Forge  
  57  4:24  Twilight Council  
  57  4:25  Probe  
  57  4:29  Probe  
  57  4:30  Pylon  
  59  4:37  Protoss Ground Armor Level 1 (Chrono Boost), Probe  
  60  4:43  Phoenix  
  62  4:48  Probe, Charge (Chrono Boost)  
  62  4:49  Probe  
  64  4:55  Zealot x2  
  68  5:00  Probe  
  68  5:01  Pylon  
  68  5:02  Probe  
  70  5:10  Gateway, Probe  
  70  5:12  Gateway, Probe  
  70  5:14  Probe  
  73  5:18  Phoenix  
  75  5:23  Probe (Chrono Boost)  
  78  5:28  Probe (Chrono Boost)  
  78  5:30  Probe (Chrono Boost)  
  78  5:32  Gateway  
  78  5:34  Gateway x2  
  78  5:35  Probe (Chrono Boost)  
  79  5:37  Gateway  
  79  5:40  Sentry, Probe x2 (Chrono Boost)  
  79  5:41  Probe (Chrono Boost)  
  84  5:43  Pylon  
  84  5:46  Phoenix  
  86  5:50  Probe  
  86  5:54  Pylon  
  86  5:57  Robotics Facility, Pylon  
  87  5:59  Assimilator  
  87  6:00  Zealot  
  87  6:02  Probe  
  90  6:05  Pylon  
  90  6:09  Zealot x3  
  96  6:14  Pylon  
  96  6:15  Pylon  
  96  6:19  Shield Battery  
  96  6:23  Sentry  
  98  6:29  Zealot x5  
  108  6:35  Zealot x2  
  111  6:51  Zealot, Stalker x2  
  114  6:54  Zealot x3  
  114  7:00  Robotics Bay  
  111  7:13  Probe (Chrono Boost)  
  111  7:14  Nexus  
  112  7:17  Probe (Chrono Boost)  
  112  7:18  Protoss Ground Weapons Level 1 (Chrono Boost)  
  112  7:19  Zealot x5, Probe (Chrono Boost)  
  112  7:20  Observer (Chrono Boost)  
  118  7:26  Probe x2 (Chrono Boost)  
  118  7:27  Forge  
  121  7:32  Probe  
  121  7:36  Probe  
  121  7:37  Sentry, Zealot x2, Probe  
  130  7:47  Robotics Facility, Zealot x3  
  135  7:52  Pylon, Colossus (Chrono Boost)  
  135  7:53  Pylon  
  140  8:04  Probe x2  
  140  8:05  Probe  
  139  8:07  Photon Cannon  
  139  8:09  Pylon x2  
  139  8:13  Extended Thermal Lance  
  139  8:16  Probe  
  140  8:22  Zealot x3, Stalker  
  140  8:23  Probe  
  140  8:25  Probe  
  150  8:34  Zealot x4  
  154  8:36  Observer  
  158  8:43  Zealot x3  
  156  8:55  Colossus x2  
  154  9:01  Zealot x2, Stalker x3  
  168  9:03  Probe  
  168  9:05  Assimilator, Probe  
  168  9:07  Assimilator  
  170  9:12  Zealot x3  
  168  9:17  Probe  
  168  9:23  Zealot x2, Probe  
  172  9:25  Probe  
  172  9:30  Gateway  
  173  9:31  Gateway  
  173  9:43  Zealot x6, Stalker  
  181  9:50  Pylon  
  181  9:56  Pylon  
Tags
 
Add a new tag
Caveats
  • Supply blocks, unpowered buildings, or Contaminate may cause inaccurate times.
  • Supply counts are checked every 10 seconds.